 Dungeon Sprint DCSS version 0.31-a0-818-ge7c7cf74f0 (webtiles) character file.

Game seed: 11966105351145589185

1614 Conn the Arsonist (level 8, -2/50 HPs)
             Began as an Octopode Fire Elementalist on Sept 23, 2023.
             Was a High Priest of Sif Muna.
             Slain by a smoke demon (5 damage)
             ... while paralysed by a hornet
             ... in the Dungeon (Sprint VII: "The Pits").
             The game lasted 00:09:59 (885 turns).

Conn the Arsonist (Octopode Fire Elementalist)       Turns: 885, Time: 00:10:00

Health: -2/50      AC:  4    Str:  7    XL:     8   Next: 96%
Magic:  20/20      EV:  2    Int: 22    God:    Sif Muna [*****.]
Gold:   0          SH:  0    Dex: 13    Spells: 7/24 levels left

rFire   . . .        k - +1 mace (protect)
rCold   . . .        (no shield)
rNeg    . . .        (helmet restricted)
rPois   .            (no amulet)
rElec   .            d - +3 ring of intelligence
rCorr   .            e - +3 ring of protection
SInv    .            (no ring)
Will    .....        (no ring)
Stlth   ++++         (no ring)
HPRegen 0.28/turn    (no ring)
MPRegen 0.17/turn    (no ring)
                     (no ring)

%: no teleportation
@: paralysed, slowed
A: almost no armour, amphibious, 8 rings, camouflage 1, gelatinous body 1,
(nimble swimmer 1), tentacles
a: Renounce Religion, Channel Magic, Forget Spell, Divine Exegesis


You were in the Dungeon.
You worshipped Sif Muna.
Sif Muna was extremely pleased with you.
You visited 1 branch

Inventory:

Hand Weapons
 k - a +1 mace of protection (weapon)
Jewellery
 d - a +3 ring of intelligence (left tentacle)
 e - a +3 ring of protection (right tentacle)
Scrolls
 f - a scroll of blinking
 h - 2 scrolls of vulnerability
 i - 5 scrolls of amnesia
 j - a scroll of summoning
Potions
 a - 5 potions of magic
 b - 10 potions of curing
 c - 10 potions of heal wounds
 g - 2 potions of invisibility
 l - a potion of haste
 m - a potion of berserk rage
 n - a potion of might


   Skills:
 + Level 2.1 Fighting
 + Level 3.3 Maces & Flails
 + Level 5.1 Dodging
 - Level 5.0 Stealth
 + Level 8.8 Spellcasting
 * Level 8.2 Conjurations
 + Level 1.3 Hexes
 + Level 11.7 Fire Magic
 * Level 3.0 Earth Magic
 * Level 6.3 Invocations


You had 7 spell levels left.
You knew the following spells:

 Your Spells              Type           Power      Damage    Failure   Level
a - Foxfire               Conj/Fire      100%       2x1d9     1%          1
b - Scorch                Fire           100%       2d9       1%          2
c - Inner Flame           Hex/Fire       38%        N/A       1%          3
d - Flame Wave            Conj/Fire      52%        2d13      1%          4
e - Brom's Barrelling Bo  Conj/Erth      34%        2d5       7%          4
f - Stone Arrow           Conj/Erth      68%        3d11      1%          3

Your spell library contained the following spells:

 Spells                   Type           Power      Damage    Failure   Level
 Sandblast                Erth           46%        2d11      1%          1
 Volatile Blastmotes      Fire/Tloc      70%        2d15      1%          3
 Dazzling Flash           Conj/Hex       60%        N/A       2%          3
 Passwall                 Tmut/Erth      13%        N/A       5%          2
 Orb of Destruction       Conj           23%        9d8       89%         7


Dungeon Overview and Level Annotations

Branches:
Dungeon (1/1)

Altars:
Ashenzari
Cheibriados
Dithmenos
Elyvilon
Fedhas
Gozag
Hepliaklqana
Kikubaaqudgha
Makhleb
Nemelex Xobeh
Okawaru
Qazlal
Ru
Sif Muna
Trog
Uskayaw
Vehumet
Wu Jian
Xom
Yredelemnul
Zin
The Shining One
Jiyva
Lugonu


Innate Abilities, Weirdness & Mutations

You cannot wear most types of armour.
You are amphibious.
You can wear up to eight rings at the same time.
Your skin changes colour to match your surroundings (Stealth+).
Your rubbery body absorbs attacks. (AC +1, EV +1)
((You are camouflaged when in or above water. (Stealth+)))
You have tentacles for arms and can constrict up to eight enemies at once.


Message History

Unknown command.
Okay, then.
Unknown command.
Unknown command.
Casting: Brom's Barrelling Boulder (dangerous; 7% risk of failure)
Confirm with . or Enter, or press ? or * to list all spells.
Okay, then.
Unknown command.
Unknown command.
Unknown command.
You hit the hornet but do no damage.
Your weapon exudes an aura of protection.
Your grab misses the hornet.
The hornet is lightly wounded.
The hornet barely misses you. The hornet misses you.
Casting: Brom's Barrelling Boulder (dangerous; 7% risk of failure)
Confirm with . or Enter, or press ? or * to list all spells.
Casting: Flame Wave (dangerous; 1% risk of failure)
Press: ? - help, Dir - look around, f - activate A wave of flame ripples out!
The flame wave engulfs the hornet!
The hornet is moderately wounded. (Press . to intensify the flame waves.)
The hornet stings you but does no damage.
The smoke demon gestures at you. Something smites you!
Unknown command.
Okay, then.
Unknown command.
Unknown command.
A wave of flame ripples out!
The flame wave engulfs the hornet.
The hornet is moderately wounded.
The flame wave engulfs the smoke demon.
The smoke demon resists.
The smoke demon is severely wounded.
The hornet barely misses you. The hornet stings you!
* * * LOW HITPOINT WARNING * * *
You suddenly lose the ability to move!
You feel less invigorated. The hornet stings you!
* * * LOW HITPOINT WARNING * * *
You feel yourself slow down. The smoke demon hits you.
You die...

)))'.##......#..#......#
####.##................+
......'.........§......+
#'#####......#..#......#
.)#..##................#
..'..#####'#####''######
###'###.......##''#
..†..##.......##..#
.....##.......##@.#
#'#####...<...##y3#
)))..##.......##..#
))...##.......##..#
#######.......##...
..#..###########....
..#)############...#
..#.#....#..[[##..##
#.#†#....#..[[#


You could see a smoke demon and a hornet.

Vanquished Creatures
  A flayed ghost (D)
  A tyrant leech (D)
  A hornet (D)
  2 floating eyes (D)
  A wolf (D)
  An ogre (D)
  A phantom (D)
  2 scorpions (D)
  A crimson imp (D)
  A gnoll bouda (D)
  2 iron imps (D)
  Jessica (D)
  4 gnolls (D)
  A river rat (D)
  An ufetubus (D)
  A ball python (D)
  A bat skeleton (D)
  An endoplasm (D)
  A goblin (D)
  A quokka (D)
  A ball python skeleton (D)
  A frilled lizard (D)
  A kobold (D)
  A rat (D)
30 creatures vanquished.

Vanquished Creatures (collateral kills)
  2 boulders (D)
2 creatures vanquished.

Vanquished Creatures (others)
  A boulder (D)
  30 foxfires (D)
31 creatures vanquished.

Grand Total: 63 creatures vanquished

Notes
Turn   | Place    | Note
-------+----------+-------------------------------------------
     0 | D        | Conn the Octopode Fire Elementalist began the quest for the
                  | Orb.
     0 | D        | Reached XP level 1. HP: 11/11 MP: 3/3
    10 | D        | Noticed a scorpion
    14 | D        | Killed a scorpion
    15 | D        | Reached skill level 5 in Fire Magic
    15 | D        | Reached XP level 2. HP: 17/17 MP: 3/6
    15 | D        | Reached XP level 3. HP: 21/21 MP: 3/7
    15 | D        | Reached XP level 4. HP: 27/27 MP: 3/9
    22 | D        | Learned a level 2 spell: Scorch
    26 | D        | Learned a level 3 spell: Inner Flame
    49 | D        | Found a glowing golden altar of the Shining One.
    49 | D        | Found a glowing silver altar of Zin.
    49 | D        | Found a basalt altar of Yredelemnul.
    49 | D        | Found a shimmering altar of Xom.
    49 | D        | Found an ornate altar of the Wu Jian Council.
    49 | D        | Found a bloodstained altar of Trog.
    49 | D        | Found a shimmering blue altar of Sif Muna.
    49 | D        | Found a sacrificial altar of Ru.
    49 | D        | Found a stormy altar of Qazlal.
    49 | D        | Found an iron altar of Okawaru.
    49 | D        | Found a sparkling altar of Nemelex Xobeh.
    49 | D        | Found a burning altar of Makhleb.
    49 | D        | Found a viscous altar of Jiyva.
    49 | D        | Found a hazy altar of Hepliaklqana.
    49 | D        | Found an opulent altar of Gozag.
    49 | D        | Found a blossoming altar of Fedhas.
    49 | D        | Found a white marble altar of Elyvilon.
    49 | D        | Found a shadowy altar of Dithmenos.
    49 | D        | Found a snail-covered altar of Cheibriados.
    50 | D        | Found a radiant altar of Vehumet.
    50 | D        | Found a corrupted altar of Lugonu.
    51 | D        | Found an ancient bone altar of Kikubaaqudgha.
    51 | D        | Found a hide-covered altar of Uskayaw.
    51 | D        | Found a broken altar of Ashenzari.
    52 | D        | Became a worshipper of Sif Muna the Loreminder
    99 | D        | Noticed a floating eye
   103 | D        | Killed a floating eye
   103 | D        | Reached * piety under Sif Muna
   104 | D        | Reached skill level 7 in Fire Magic
   104 | D        | Reached XP level 5. HP: 31/31 MP: 1/12
   198 | D        | Reached skill level 5 in Spellcasting
   198 | D        | Reached skill level 8 in Fire Magic
   198 | D        | Reached ** piety under Sif Muna
   240 | D        | Learned a level 4 spell: Flame Wave
   281 | D        | Reached skill level 5 in Conjurations
   282 | D        | Reached XP level 6. HP: 35/36 MP: 6/14
   385 | D        | Noticed a floating eye
   387 | D        | Paralysed by a floating eye for 4 turns
   388 | D        | Killed a floating eye
   388 | D        | Reached *** piety under Sif Muna
   389 | D        | Reached skill level 5 in Stealth
   389 | D        | Reached skill level 9 in Fire Magic
   423 | D        | Reached **** piety under Sif Muna
   426 | D        | Reached skill level 1 in Fighting
   426 | D        | Reached XP level 7. HP: 21/43 MP: 16/16
   527 | D        | Reached skill level 1 in Maces & Flails
   527 | D        | Reached skill level 10 in Fire Magic
   568 | D        | Reached ***** piety under Sif Muna
   570 | D        | Noticed a tyrant leech
   580 | D        | Killed a tyrant leech
   587 | D        | Noticed Jessica
   589 | D        | Killed Jessica
   589 | D        | Identified Sif Muna's Anthology of Violence (Sif Muna
                  | gifted it to you in the Dungeon)
   589 | D        | Received a gift from Sif Muna
   590 | D        | Reached skill level 1 in Hexes
   590 | D        | Reached skill level 5 in Invocations
   590 | D        | Reached XP level 8. HP: 49/49 MP: 0/19
   599 | D        | Learned a level 4 spell: Brom's Barrelling Boulder
   725 | D        | Noticed a flayed ghost
   725 | D        | Noticed a hornet
   728 | D        | Killed a hornet
   729 | D        | Reached skill level 11 in Fire Magic
   729 | D        | Reached skill level 1 in Earth Magic
   735 | D        | Killed a flayed ghost
   736 | D        | Reached skill level 5 in Dodging
   736 | D        | Received a gift from Sif Muna
   854 | D        | Learned a level 3 spell: Stone Arrow
   864 | D        | Noticed a smoke demon
   874 | D        | Noticed a hornet
   884 | D        | Paralysed by a hornet for 3 turns
   885 | D        | Slain by a smoke demon

Illustrated notes

Levels and vault maps discovered:
D:        pitsprint [storerooms_1, entrance_room_1, metal_vault_3, armoury_2,
          mini_pit_1, grid_room_1, main_hall_1, silver_pit, the_coven_3,
          the_vestibule_1, steel_vault_5, golden_pit, hallway_of_sentries,
          crystal_vault_4, iron_vault_4, final_vault]

Skill      XL: |  1  2  3  4  5  6  7  8 |
---------------+-------------------------+-----
Dodging        | 3 4 5 |  5.1
Stealth        | 4 5 |  5.0
Spellcasting   | 3 4 5 6 7 8 |  8.8
Conjurations   | 3 4 5 6 7 8 |  8.2
Fire Magic     | 5 7 8 9 10 11 | 11.7
Invocations    | 2 5 6 |  6.3
Fighting       | 1 2 |  2.1
Maces & Flails | 2 3 |  3.3
Hexes          | 1 |  1.3
Earth Magic    | 3 |  3.0

Action                     |  1- 3 |  4- 6 |  7- 9 || total
---------------------------+-------+-------+-------++-------
  Melee: Unarmed           |     3 |    16 |       ||    19
         Constrict         |     1 |     5 |       ||     6
         Tentacles         |     1 |     4 |     1 ||     6
         Punch             |       |     1 |       ||     1
         Mace              |       |     8 |     7 ||    15
   Cast: Foxfire           |     1 |     6 |    12 ||    19
         Scorch            |       |    16 |    10 ||    26
         Inner Flame       |       |     3 |     1 ||     4
         Flame Wave        |       |       |     3 ||     3
         Brom's Barrelling |       |       |     3 ||     3
 Invoke: Channel Magic     |       |     1 |     1 ||     2
    Use: Potion            |     1 |     1 |     2 ||     4
 Armour: Skin              |       |    15 |     9 ||    24
  Dodge: Dodged            |     1 |    25 |     7 ||    33

Table legend: (Time is in decaauts)
 A = Elapsed time spent in this place.
 B = Non-inter-level travel time spent in this place.
 C = Inter-level travel time spent in this place.
 D = Time resting spent in this place.
 E = Time spent auto-exploring this place.
 F = Levels seen in this place.
 G = Mean time per level.
                   A        B        C        D        E       F      G
               +--------+--------+--------+--------+--------+-----+--------+
         Total |    896 |    896 |      0 |    434 |      0 |   1 |  896.0 |
       Dungeon |    896 |    896 |      0 |    434 |      0 |   1 |  896.0 |
               +--------+--------+--------+--------+--------+-----+--------+

Top non-repeatable levels by time:
       D: 896 daAuts
